 Dungeon Crawl Stone Soup version 0.19.1 (webtiles) character file.

305 Peloso the Shield-Bearer (level 6, -6/56 HPs)
             Began as a Deep Dwarf Fighter on Dec 14, 2016.
             Was an Initiate of Ru.
             Killed by divine providence
             ... invoked by an orc priest
              (13 damage)
             ... on level 4 of the Dungeon.
             The game lasted 00:08:20 (1970 turns).

Peloso the Shield-Bearer (Deep Dwarf Fighter)       Turns: 1970, Time: 00:08:20

Health: -6/56      AC: 13    Str: 22    XL:     6   Next: 15%
Magic:  6/6        EV:  4    Int:  8    God:    Ru [......]
Gold:   102        SH: 10    Dex: 12    Spells: 0 memorised, 5 levels left

rFire  . . .     SeeInvis +     a - +0 long sword
rCold  . . .     Gourm    .     k - +0 plate armour
rNeg   . . .     Faith    .     c - +0 shield
rPois  .         Spirit   .     (no helmet)
rElec  .         Reflect  .     w - +0 cloak
rCorr  .         Harm     .     (no gloves)
MR     .....                    (no boots)
Stlth  ..........               (no amulet)
                                (no ring)
                                v - ring of see invisible

@: non-regenerating
A: damage resistance, recharge devices, sense surroundings 1, slow regeneration
3
a: Device Recharging, Renounce Religion


You were on level 4 of the Dungeon.
You worshipped Ru.
Ru was noncommittal.
You were not hungry.

You visited 1 branch of the dungeon, and saw 4 of its levels.

You collected 102 gold pieces.

Inventory:

Hand Weapons
 a - a +0 long sword (weapon)
 b - a +6 hand axe
 s - a +2 whip of electrocution
Armour
 c - a +0 shield (worn)
 k - a +0 plate armour (worn)
 w - a +0 cloak (worn)
Jewellery
 v - a ring of see invisible (left hand)
Wands
 e - a wand of heal wounds (7/9)
Scrolls
 g - a scroll of recharging
 m - a scroll of teleportation
 r - a scroll of magic mapping
 y - a scroll of fear {unknown}
 z - a scroll of remove curse {unknown}
Potions
 d - a potion of might
 i - 3 potions of degeneration {unknown}
 j - a potion of flight {unknown}
 n - a potion of lignification {unknown}
 o - 2 potions of invisibility {unknown}
 q - a potion of cancellation {unknown}
 x - 2 potions of curing
Books
 t - a book of Cantrips

   Spells                             Type                      Level
   a - Confusing Touch                Hexes                        1
   b - Animate Skeleton               Necromancy                   1
   c - Summon Small Mammal            Summoning                    1
   d - Apportation                    Translocation                1
Comestibles
 f - 3 bread rations
 h - 3 beef jerkies
 l - a slice of pizza
 p - a fruit
 u - 3 chunks of flesh


   Skills:
 + Level 3.6 Fighting
 + Level 3.8 Long Blades
 + Level 4.6 Armour
 + Level 0.4 Dodging
 + Level 4.8 Shields


You had 5 spell levels left.
You didn't know any spells.

Dungeon Overview and Level Annotations

Branches:
Dungeon (4/15)
 Temple: D:4-7

Altars:
Ru


Innate Abilities, Weirdness & Mutations

You are resistant to damage.
You can recharge devices by infusing magical energy.
You passively map a small area around you.
You do not regenerate.


Message History

You block the orc priest's attack.
Your shield and plate armour prevent you from hitting the orc priest.
The orc priest is severely wounded.
The orc priest hits you but does no damage.
You hit the orc priest.
The orc priest is almost dead.
The orc priest calls upon Beogh to heal the orc.
The orc's wounds heal themselves!
The howler monkey hoots and howls with incredible vigour!
You barely miss the orc priest.
The orc priest is almost dead.
The orc priest mumbles some strange prayers to Beogh against you.
Beogh smites you!
* * * LOW HITPOINT WARNING * * *
You block the orc priest's attack.
You barely miss the orc priest.
The orc priest is almost dead.
The orc priest calls down the wrath of Beogh upon you.
Beogh smites you!
You die... ......# #(# ####..# #.#, * ####..# #.# * * ..##..# #.# # * * #.##..# #[#.# , , ..##..### #Z#o####. , ........# #oh..oooo,

.###.##.#
#o# * .#
#.##.#
#@# , .#
#.##.#
#.# .#
#.##.#
#.#
.###.##.#
#.# *
.....##.#
#.# ,
#######.#
#.# # #.#
#.# , #.#
#.# #.#
####.#


You could see a howler monkey, an orc priest, 2 orcs and a quokka skeleton.

Vanquished Creatures
  A centaur (D:4)
  A centaur skeleton (D:3)
  An orc wizard (D:3)
  5 adders
  5 oozes
  3 worms
  2 dart slugs
  3 leopard geckos
  15 orcs
  6 bats
  4 giant cockroaches (D:2)
  9 goblins
  7 hobgoblins
  2 jackals (D:3)
  8 kobolds
  3 quokkas (D:3)
  2 frilled lizards (D:2)
  A rat (D:2)
78 creatures vanquished.

Notes
Turn   | Place    | Note
-------+----------+-------------------------------------------
     0 | D:1      | Peloso the Deep Dwarf Fighter began the quest for the Orb.
     0 | D:1      | Reached XP level 1. HP: 20/20 MP: 1/1
   123 | D:1      | Reached XP level 2. HP: 25/27 MP: 2/2
   495 | D:2      | Reached XP level 3. HP: 28/34 MP: 3/3
   671 | D:2      | Reached XP level 4. HP: 21/42 MP: 4/4
  1078 | D:3      | Reached XP level 5. HP: 14/49 MP: 5/5
  1758 | D:4      | Found a sacrificial altar of Ru.
  1790 | D:4      | Became a worshipper of Ru the Awakened
  1851 | D:4      | Noticed a centaur
  1870 | D:4      | Killed a centaur
  1870 | D:4      | Reached XP level 6. HP: 29/56 MP: 6/6
  1970 | D:4      | Killed from afar by an orc priest

Skill      XL: |  1  2  3  4 |
---------------+-------------+-----
Fighting       | 3 |  3.6
Shields        | 4 |  4.8
Armour         | 4 |  4.6
Long Blades    | 3 |  3.8
Dodging        | |  0.4

Action                   |  1- 3 |  4- 6 || total
-------------------------+-------+-------++-------
Melee: Long sword        |   180 |   210 ||   390
Evoke: Wand              |       |     1 ||     1
  Use: Scroll            |       |     4 ||     4
  Eat: Chunk             |       |     5 ||     5
Armor: Scale mail        |    25 |       ||    25
       Plate armour      |   115 |   127 ||   242
Dodge: Dodged            |    42 |    32 ||    74
Block: Shield            |    92 |   106 ||   198
       Rpst.: Long sword |    12 |    16 ||    28
